 Dungeon Crawl Stone Soup version 0.19-a0-1932-g59670f6 (webtiles) character file.

587 varam the Grappler (level 7, -6/66 HPs)
             Began as a Troll Monk on Oct 25, 2016.
             Mangled by Duvessa
             ... wielding a cursed -2 rapier
              (8 damage)
             ... on level 4 of the Dungeon.
             The game lasted 00:03:46 (1837 turns).

varam the Grappler (Troll Monk)                     Turns: 1837, Time: 00:03:47

Health: -6/66      AC:  5    Str: 20    XL:     7   Next: 15%
Magic:  6/6        EV: 10    Int:  6    God:
Gold:   119        SH:  0    Dex: 14    Spells: 0 memorised, 6 levels left

rFire  x . .     SeeInvis .       - Unarmed
rCold  + . .     Gourm    +     a - +0 robe
rNeg   . . .     Faith    .     (no shield)
rPois  .         Spirit   .     (helmet restricted)
rElec  .         Reflect  .     (no cloak)
rCorr  .         Harm     .     (gloves unavailable)
MR     .....     Rnd*Tele +     (boots unavailable)
Stlth  ++........               d - amulet of magic regeneration
                                g - ring of ice
                                h - ring of teleportation (curse)

@: lethally poisoned (-6 -> -6)
A: unfitting armour, claws 3, fast metabolism 3, gourmand, regeneration 1,
shaggy fur 1, tough skin 2
a: no special abilities


You were on level 4 of the Dungeon.
You were completely stuffed.

You visited 1 branch of the dungeon, and saw 4 of its levels.

You collected 119 gold pieces.

Inventory:

Armour
 a - a +0 robe (worn)
Jewellery
 d - an amulet of magic regeneration (around neck)
 g - a ring of ice (right claw)
 h - a cursed ring of teleportation (left claw)
 m - an uncursed ring of ice
Scrolls
 f - a scroll of noise {unknown}
 i - 2 scrolls of magic mapping {unknown}
 j - 3 scrolls of immolation {unknown}
 n - 3 scrolls of identify {unknown}
 q - 2 scrolls of remove curse {unknown}
 r - 2 scrolls of teleportation {unknown}
 s - a scroll of blinking {unknown}
 t - a scroll of enchant weapon {unknown}
Potions
 c - 7 potions of curing {unknown}
 e - a potion of cancellation {unknown}
 k - a potion of ambrosia {unknown}
 o - a potion of berserk rage {unknown}
 p - 3 potions of flight {unknown}
 u - a potion of experience {unknown}
Comestibles
 b - a bread ration
 l - 2 meat rations
 v - 5 chunks of flesh


   Skills:
 - Level 2.4 Fighting
 - Level 2.4 Dodging
 - Level 1.0 Stealth
 + Level 8.3 Unarmed Combat


You had 6 spell levels left.
You didn't know any spells.

Dungeon Overview and Level Annotations

Branches:
Dungeon (4/15)
 Temple: D:4-7

Altars:

Annotations:
D:4 Duvessa


Innate Abilities, Weirdness & Mutations

You are too large for most types of armour.
You have claws for hands.
Your metabolism is lightning-fast.
You like to eat raw meat.
Your natural rate of healing is unusually fast.
You are covered in fur. (AC +1)
You have very tough skin. (AC +2)


Message History

Duvessa hits you but does no damage.
You closely miss Duvessa.
Duvessa is severely wounded.
Duvessa hits you with a rapier!
* * * LOW HITPOINT WARNING * * *
The giant cockroach bites you.
* * * LOW HITPOINT WARNING * * *
You closely miss Duvessa.
Duvessa is severely wounded.
Duvessa barely misses you. The giant cockroach bites you.
* * * LOW HITPOINT WARNING * * *
You scratch Duvessa.
Duvessa is severely wounded.
You feel sick. Duvessa hits you with a rapier.
* * * LOW HITPOINT WARNING * * *
The giant cockroach bites you but does no damage.
You barely miss Duvessa.
Duvessa is severely wounded.
Duvessa hits you with a rapier!
You die...

#.......# .# #.......# #.#
#.......# #.. #%......$
...# #.##....##.#.##
#..........$...
#.......e....#
#......@s.##.###
#.......##.....#
#.#.##....##.#.#.# ##
#...?....##.#.#.# ...
#.#.##.<.))....#.######.##
# #...#.##.###..........
#.......##.###.###..#.##
###...####.....###..#.##
#...# #####.#....#...


You could see Duvessa (berserk) and a giant cockroach.

Vanquished Creatures
  Grinder (D:3)
  The ghost of p0werm0de the Vexing, an amateur DsEn (D:3)
  Dowan (D:4)
  A hound (D:4)
  An orc wizard (D:3)
  7 adders
  3 oozes
  3 worms
  A leopard gecko (D:1)
  4 orcs
  3 giant cockroaches
  5 goblins
  9 hobgoblins
  4 jackals (D:3)
  3 quokkas
  12 bats
  6 frilled lizards
  6 kobolds
  9 rats
80 creatures vanquished.

Notes
Turn   | Place    | Note
-------+----------+-------------------------------------------
     0 | D:1      | varam the Troll Monk began the quest for the Orb.
     0 | D:1      | Reached XP level 1. HP: 22/22 MP: 0/0
    64 | D:2      | Reached XP level 2. HP: 19/29 MP: 1/1
    74 | D:1      | Reached skill level 4 in Unarmed Combat
   265 | D:1      | Reached XP level 3. HP: 36/36 MP: 2/2
   796 | D:2      | Reached XP level 4. HP: 36/44 MP: 3/3
   869 | D:2      | Reached skill level 5 in Unarmed Combat
  1214 | D:3      | Noticed p0werm0de's ghost (amateur DsEn)
  1249 | D:3      | Killed p0werm0de's ghost
  1249 | D:3      | Reached skill level 6 in Unarmed Combat
  1249 | D:3      | Reached XP level 5. HP: 43/50 MP: 4/4
  1256 | D:3      | Reached XP level 6. HP: 53/59 MP: 5/5
  1372 | D:3      | Noticed Grinder
  1391 | D:3      | Paralysed by Grinder for 4 turns
  1412 | D:3      | Killed Grinder
  1412 | D:3      | Reached skill level 7 in Unarmed Combat
  1715 | D:4      | Reached skill level 8 in Unarmed Combat
  1723 | D:4      | Reached XP level 7. HP: 40/66 MP: 6/6
  1809 | D:4      | Noticed Dowan
  1816 | D:4      | Killed Dowan
  1826 | D:4      | Noticed Duvessa
  1835 | D:4      | HP: 3/66 [giant cockroach (1)]
  1837 | D:4      | Mangled by Duvessa

Vault maps used:
D:1:      lemuel_arrival_room, minmay_misc_feat_rows
D:2:      kennysheep_generic_room_13
D:3:      uniq_grinder
D:4:      first_bread, uniq_duvessa

Skill      XL: |  1  2  3  4  5  6 |
---------------+-------------------+-----
Unarmed Combat | 4 6 8 |  8.3
Fighting       | |  2.4
Dodging        | |  2.4
Stealth        | |  1.0

Action                   |  1- 3 |  4- 6 |  7- 9 || total
-------------------------+-------+-------+-------++-------
Melee: Unarmed           |    73 |   121 |    17 ||   211
       Punch             |     1 |     2 |       ||     3
 Stab: Sleeping          |     3 |     2 |       ||     5
  Eat: Chunk             |     3 |    13 |     2 ||    18
       Bread ration      |       |     1 |       ||     1
Armor: Robe              |    29 |    52 |     3 ||    84
Dodge: Dodged            |    52 |    74 |     6 ||   132
